Map: Winter's Gate LE

Players

HellraiseR

  • Race: Protoss Protoss
  • Spawn Location: 11:00

Clem - Winner!

  • Race: Terran Terran
  • League: Master
  • Spawn Location: 5:00

Event: HomeStory Cup XX

VOD

Have the link to the VOD?

Description

Time

  • Played on: Nov. 22, 2019, 6:51 a.m.
  • Length: 10:14

All games in this series

Show
View Real Time Build Order
Export as new Build Order

HellraiseR Protoss 

Build Orders: 1 Gate Expand, Phoenix Opening, Blink Stalkers 

Get SALT Encoding   

  12  0:01  Probe  
  13  0:13  Probe  
  14  0:19  Pylon  
  14  0:25  Probe  
  15  0:33  Probe  
  15  0:40  Gateway  
  15  0:41  Probe  
  16  0:47  Assimilator  
  17  0:52  Probe  
  18  1:04  Probe  
  19  1:16  Probe  
  20  1:27  Cybernetics Core  
  20  1:29  Probe  
  21  1:37  Nexus  
  21  1:43  Pylon  
  21  1:47  Probe  
  22  1:53  Assimilator  
  22  1:55  Adept  
  22  1:58  Probe  
  23  2:03  Warp Gate  
  23  2:06  Probe  
  25  2:14  Probe  
  27  2:25  Sentry, Probe  
  30  2:37  Probe  
  31  2:45  Probe  
  31  2:46  Twilight Council  
  31  2:50  Probe  
  31  2:51  Stalker  
  33  2:53  Probe  
  36  2:59  Phoenix  
  36  3:03  Blink, Probe x2  
  38  3:10  Gateway  
  38  3:15  Probe  
  38  3:17  Probe  
  40  3:25  Probe  
  40  3:26  Pylon  
  40  3:27  Probe  
  40  3:33  Probe  
  42  3:39  Probe  
  42  3:40  Gateway  
  44  3:44  Probe  
  44  3:48  Assimilator  
  45  3:51  Probe  
  46  3:56  Stalker, Probe  
  49  4:03  Probe  
  49  4:05  Robotics Facility  
  49  4:08  Stalker, Probe  
  53  4:13  Pylon  
  53  4:17  Nexus  
  53  4:19  Probe  
  54  4:30  Pylon  
  54  4:31  Probe  
  55  4:32  Stalker x2  
  55  4:33  Probe  
  60  4:38  Stalker  
  62  4:48  Probe x2  
  62  4:58  Charge  
  61  5:00  Probe x2  
  63  5:10  Forge  
  63  5:11  Observer  
  63  5:13  Gateway x2  
  65  5:14  Probe x2  
  65  5:15  Protoss Ground Armor Level 1  
  65  5:19  Gateway  
  66  5:28  Gateway  
  66  5:29  Gateway  
  66  5:31  Probe  
  66  5:32  Sentry  
  66  5:34  Probe  
  70  5:36  Observer, Probe  
  72  5:43  Probe  
  72  5:46  Probe  
  72  5:49  Probe  
  75  5:50  Sentry  
  75  5:51  Stalker  
  75  5:55  Probe  
  80  5:58  Probe  
  80  6:01  Probe  
  82  6:04  Pylon  
  82  6:07  Probe  
  82  6:10  Pylon, Probe  
  84  6:13  Pylon, Probe  
  85  6:19  Forge  
  85  6:20  Pylon  
  85  6:23  Stalker x4  
  93  6:31  Pylon  
  93  6:32  Stalker x2  
  97  6:39  Probe  
  88  6:48  Zealot x2  
  88  6:49  Zealot x3  
  94  6:57  Probe  
  94  6:59  Probe  
  94  7:01  Stalker x2, Warp Prism  
  96  7:11  Nexus  
  98  7:18  Stalker  
  98  7:20  Probe x3  
  103  7:29  Zealot x3  
  106  7:30  Assimilator, Zealot  
  106  7:32  Probe x3  
  111  7:40  Protoss Ground Weapons Level 1  
  111  7:44  Stalker x3, Probe x3, Zealot  
  93  7:47  Photon Cannon  
  103  7:52  Assimilator  
  103  7:56  Probe  
  103  7:57  Probe x2  
  106  8:08  Probe  
  106  8:09  Probe x2  
  109  8:15  Pylon  
  109  8:18  Pylon  
  109  8:20  Probe  
  106  8:29  Stalker x2  
  106  8:30  Zealot x5  
  106  8:31  Probe  
  118  8:36  Probe  
  109  8:42  Zealot  
  103  8:52  Zealot x7  
  113  8:59  Probe x2  
  108  9:02  Probe  
  108  9:06  Probe  
  109  9:11  Probe x2  
  109  9:14  Zealot x5  
  109  9:15  Templar Archives  
  121  9:19  Observer  
  122  9:27  Stalker x3  
  128  9:34  Pylon  
  127  9:39  Zealot  
  127  9:40  Observer  
  127  9:41  Zealot x4  
  136  9:52  Stalker x3  
  116  9:54  Probe  
  107  10:00  Probe  
  107  10:05  Zealot x4  
  101  10:14  Gateway  
Show
View Real Time Build Order
Export as new Build Order

Clem Terran - Winner!

Build Orders: Reaper Expand 

Get SALT Encoding   

  12  0:00  SCV  
  13  0:12  SCV  
  14  0:17  Supply Depot  
  14  0:26  SCV  
  15  0:38  SCV  
  15  0:39  Barracks  
  16  0:43  Refinery  
  16  0:50  SCV  
  17  1:02  SCV  
  18  1:14  SCV  
  19  1:26  Reaper  
  19  1:27  Orbital Command  
  20  1:42  Command Center  
  20  1:49  Supply Depot  
  20  1:52  SCV  
  21  1:58  Marine  
  22  2:04  SCV  
  23  2:11  Factory  
  23  2:16  SCV  
  23  2:20  Refinery, Barracks Reactor  
  24  2:28  SCV  
  25  2:40  SCV  
  26  2:52  SCV  
  26  2:55  Orbital Command  
  26  2:56  Starport, Marine x2  
  31  2:58  Widow Mine  
  31  3:05  SCV  
  32  3:14  Marine x2  
  32  3:17  SCV  
  35  3:20  Widow Mine  
  35  3:21  SCV  
  35  3:24  Supply Depot  
  38  3:29  SCV  
  38  3:30  Barracks  
  38  3:32  Medivac  
  38  3:33  SCV  
  42  3:35  Marine  
  42  3:36  Marine  
  44  3:42  Widow Mine  
  44  3:45  SCV x2  
  44  3:46  Supply Depot  
  48  3:57  SCV  
  48  3:59  Barracks  
  48  4:01  Marine x2, Engineering Bay  
  51  4:06  Factory Tech Lab  
  51  4:09  Starport Reactor  
  51  4:10  SCV  
  52  4:18  SCV  
  52  4:21  Marine x2, Supply Depot  
  52  4:24  Refinery  
  54  4:25  SCV  
  54  4:28  Terran Infantry Weapons Level 1  
  54  4:30  SCV  
  56  4:31  Stimpack  
  56  4:35  Marauder, Factory Reactor  
  56  4:37  Supply Depot  
  58  4:41  SCV  
  58  4:42  Marine x2  
  58  4:44  SCV  
  62  4:50  Barracks Tech Lab  
  62  4:53  SCV  
  62  4:56  SCV  
  62  4:57  Marauder  
  60  5:01  Supply Depot  
  60  5:02  Marine x2  
  60  5:03  Refinery  
  62  5:07  SCV  
  62  5:08  SCV  
  62  5:09  Combat Shield  
  62  5:12  Marauder  
  66  5:16  Widow Mine  
  66  5:17  Widow Mine  
  70  5:24  SCV x2  
  70  5:27  Medivac  
  74  5:29  Medivac  
  74  5:33  Marauder  
  78  5:36  Supply Depot  
  78  5:37  Marine x2  
  78  5:40  SCV x2  
  82  5:46  Supply Depot  
  82  5:48  Widow Mine x2  
  86  5:58  Marine x2, SCV  
  86  6:01  Marauder x2  
  94  6:07  Command Center  
  93  6:13  Supply Depot  
  93  6:14  Widow Mine x2  
  97  6:20  Medivac x2  
  97  6:21  Marine  
  102  6:27  Supply Depot  
  102  6:35  Marine, Marauder  
  102  6:38  Widow Mine  
  109  6:40  Marauder  
  109  6:42  SCV  
  109  6:43  Marine  
  109  6:46  Widow Mine  
  108  6:47  SCV  
  106  6:55  Barracks  
  106  6:56  Marine, Barracks  
  106  6:57  Marauder  
  106  7:01  Medivac x2  
  103  7:05  Widow Mine  
  103  7:07  Widow Mine  
  109  7:13  Marauder  
  109  7:14  Marine x2  
  109  7:15  SCV  
  114  7:21  Orbital Command  
  114  7:24  Marauder  
  112  7:30  Terran Infantry Armor Level 1  
  112  7:32  SCV  
  112  7:35  Marauder  
  112  7:38  SCV  
  112  7:40  Marine x2  
  107  7:46  Marauder, Barracks Tech Lab, Barracks Reactor  
  107  7:47  Liberator x2, Concussive Shells  
  107  7:53  SCV x2  
  107  7:56  Marauder  
  107  7:57  Marine  
  107  7:58  Marine  
  113  8:01  SCV  
  113  8:02  Ghost Academy  
  113  8:03  Supply Depot  
  113  8:04  Widow Mine x2  
  124  8:07  Marauder, SCV  
  124  8:10  Marauder  
  124  8:12  Supply Depot  
  129  8:13  SCV x2  
  129  8:17  Marauder  
  133  8:22  Marine  
  133  8:23  Supply Depot  
  133  8:24  Marine  
  133  8:25  Widow Mine, SCV  
  133  8:26  SCV  
  138  8:29  Marauder  
  138  8:30  SCV  
  138  8:33  Marine x2  
  143  8:34  Marauder  
  143  8:37  SCV  
  143  8:39  Widow Mine, Marauder  
  143  8:40  SCV  
  139  8:42  Marine x2  
  139  8:47  Barracks  
  137  8:48  Barracks  
  137  8:49  Barracks  
  137  8:50  Marauder, Widow Mine  
  137  8:58  Medivac x2  
  137  9:00  Marine x2, Widow Mine  
  137  9:02  Marauder x2  
  145  9:10  Marine x2, Ghost  
  145  9:12  Widow Mine  
  151  9:20  Armory  
  151  9:21  Engineering Bay  
  151  9:22  Supply Depot  
  150  9:25  Widow Mine  
  150  9:28  Command Center  
  152  9:33  Widow Mine  
  152  9:36  Barracks Tech Lab x2  
  152  9:37  Marine x2, Barracks Tech Lab, Barracks Reactor  
  156  9:39  Marine  
  156  9:44  Marine, Marauder  
  160  9:46  Widow Mine  
  152  9:54  Marine  
  158  10:00  Supply Depot  
  153  10:09  Refinery x2  
Tags
 
Add a new tag
Caveats
  • Supply blocks, unpowered buildings, or Contaminate may cause inaccurate times.
  • Supply counts are checked every 10 seconds.